 Dungeon Crawl Stone Soup version 0.20-a0-633-gff4aa5c (webtiles) character file.

43 useraccount the Shield-Bearer (level 3, 0/29 HPs)
             Began as a Formicid Fighter on Feb 12, 2017.
             Was an Initiate of Qazlal.
             Killed from afar by Sigmund (5 damage)
             ... with a magic dart
             ... on level 3 of the Dungeon.
             The game lasted 00:01:26 (1329 turns).

useraccount the Shield-Bearer (Formicid Fighter)    Turns: 1329, Time: 00:01:27

Health: 0/29       AC:  6    Str: 21    XL:     3   Next: 82%
Magic:  3/3        EV:  8    Int:  7    God:    Qazlal [......]
Gold:   31         SH:  0    Dex: 10    Spells: 2/2 levels left

rFire    . . .     SeeInvis +   a - +0 war axe
rCold    . . .     Gourm    .   b - +0 scale mail
rNeg     . . .     Faith    .   c - +0 shield
rPois    .         Spirit   .   (helmet unavailable)
rElec    .         Reflect  .   (no cloak)
rCorr    .         Harm     .   (no gloves)
MR       .....                  (no boots)
Stlth    ..........             (no amulet)
Regen    0.1/turn               (no ring)
                                (no ring)

@: confused
A: permanent stasis, dig shafts and tunnels, four strong arms, antennae 3
a: Dig, Shaft Self, Renounce Religion


You were on level 3 of the Dungeon.
You worshipped Qazlal.
Qazlal was noncommittal.
You were hungry.

You visited 1 branch of the dungeon, and saw 3 of its levels.

You collected 31 gold pieces.

Inventory:

Hand Weapons
 a - a +0 war axe (weapon)
Armour
 b - a +0 scale mail (worn)
 c - a +0 shield (worn)
Jewellery
 h - an uncursed ring of positive energy {unknown}
Scrolls
 k - a scroll of identify {unknown}
 l - a scroll of magic mapping {unknown}
 m - a scroll of immolation {unknown}
Potions
 d - 2 potions of might
 e - a potion of berserk rage {unknown}
 g - 2 potions of curing {unknown}
 i - a potion of lignification {unknown}
Comestibles
 f - a bread ration
 j - a fruit
 n - a royal jelly
 o - a chunk of flesh


   Skills:
 + Level 3.6 Fighting
 * Level 2.7 Axes
 + Level 3.5 Armour
 + Level 0.5 Dodging
 + Level 4.1 Shields
 * Level 0.0 Invocations


You had 2 spell levels left.
You didn't know any spells.

Dungeon Overview and Level Annotations

Branches:
Dungeon (3/15)

Altars:
Qazlal

Annotations:
D:3 Sigmund


Innate Abilities, Weirdness & Mutations

You cannot be hasted, slowed, berserked, paralysed or teleported.
You can dig through walls and to a lower floor.
Your four strong arms can wield two-handed weapons with a shield.
You have a pair of large antennae on your head. (SInv)


Message History

Sigmund hits you but does no damage. Sigmund gestures at you while chanting.
The puff of flame hits you! Sigmund gestures at you while chanting.
You are confused.
Found 4 curare-tipped needles.
You're too confused to move!
Sigmund casts a spell at you. The magic dart hits you!
* * * LOW HITPOINT WARNING * * *
Sigmund points at you and mumbles some strange words.
You are more confused.
You're too confused to move!
Sigmund hits you with a scythe.
* * * LOW HITPOINT WARNING * * *
Sigmund casts a spell at you. You resist with some effort.
You bump into the stone wall.
Sigmund points at you and mumbles some strange words.
The magic dart hits you!
You die...

.(# ..## .
#..####.. #......
#.... ## ###
###.### .. #..
{#§...§# .#
#.####.....##.#
#.##...._@.@..#
#.##.#.....#..#
#....#§...§##+#
####<.#####.###
#...(.....#.#
#.#.....###..
###........#....
{
.....).#.#>#.#...
###....#.#.#


You could see Sigmund.

Vanquished Creatures
  A leopard gecko (D:2)
  3 bats
  2 giant cockroaches (D:1)
  10 goblins
  4 hobgoblins
  6 jackals
  4 kobolds
  A frilled lizard (D:1)
  4 rats
35 creatures vanquished.

Notes
Turn   | Place    | Note
-------+----------+-------------------------------------------
     0 | D:1      | useraccount the Formicid Fighter began the quest for the Orb.
     0 | D:1      | Reached XP level 1. HP: 18/18 MP: 1/1
   142 | D:1      | Reached XP level 2. HP: 24/24 MP: 2/2
   433 | D:1      | Reached skill level 4 in Shields
   504 | D:1      | Reached XP level 3. HP: 27/29 MP: 3/3
   654 | D:1      | You fall through a shaft!
  1076 | D:2      | Noticed Sigmund
  1117 | D:3      | Found a stormy altar of Qazlal.
  1123 | D:3      | Became a worshipper of Qazlal Stormbringer
  1329 | D:3      | Killed from afar by Sigmund

Vault maps used:
D:1:      elethiomel_arrival_shortcut
D:2:      kennysheep_goblin_castle, uniq_terence, uniq_sigmund
D:3:      first_bread, minivault_25, grunt_decor_fettered, grunt_qazlal_clouds

Skill      XL: |  1  2 |
---------------+-------+-----
Shields        | 4 |  4.1
Fighting       | |  3.6
Axes           | |  2.7
Armour         | |  3.5
Dodging        | |  0.5

Action                   || total
-------------------------++-------
Melee: War axe           ||   107
  Eat: Chunk             ||     1
Armor: Scale mail        ||    52
Dodge: Dodged            ||    38
Block: Shield            ||    66
